 Dungeon Crawl Stone Soup version 0.18.1-5-g4a78601 (webtiles) character file.

41335 Veros the Severer (level 14, -43/140 HPs)
             Began as a Hill Orc Berserker on May 10, 2016.
             Was the Champion of Trog.
             Annihilated by a very large slime creature (61 damage)
             ... on level 1 of the Pits of Slime.
             The game lasted 02:37:39 (19279 turns).

Veros the Severer (Hill Orc Berserker)             Turns: 19279, Time: 02:37:40

Health: -43/140    AC: 11    Str: 33    XL:     14   Next: 14%
Magic:  0/15       EV:  9    Int: 10    God:    Trog [******]
Gold:   755        SH:  0    Dex: 10    Spells: 0 memorised, 13 levels left

rFire  . . .     SeeInvis +     f - +8 battleaxe of Glory {vamp, +Blink rN+ Str+3 Int+3}
rCold  . . .     Gourm    .     e - +0 plate armour
rNeg   + . .     Faith    +     (shield currently unavailable)
rPois  .         Spirit   .     T - +1 hat {SInv}
rElec  .         Dismiss  .     g - +0 cloak {MR+}
rCorr  +         Reflect  .     I - +1 pair of gloves {Str+3}
SustAt .         Harm     .     z - +2 pair of boots
MR     ++...                    y - amulet of faith
Stlth  ..........               B - +2 ring of strength
                                D - ring of resist corrosion

@: confused, corroded, very resistant to hostile enchantments, extremely
unstealthy
A: antennae 1, high mp 1, slow regeneration 1, subdued magic 1
a: Berserk, Trog's Hand, Brothers in Arms, Burn Spellbooks, Renounce Religion,
Evoke Blink


You were on level 1 of the Pits of Slime.
You worshipped Trog.
Trog was exalted by your worship.
You were not hungry.

You visited 4 branches of the dungeon, and saw 20 of its levels.

You collected 1255 gold pieces.
You spent 500 gold pieces at shops.

Inventory:

Hand Weapons
 f - the +8 battleaxe of Glory (weapon) {vamp, +Blink rN+ Str+3 Int+3}
   (Trog gifted it to you on level 1 of the Lair of Beasts)

   It inflicts no extra harm, but heals its wielder somewhat when it strikes a
   living foe.
   It affects your strength (+3).
   It affects your intelligence (+3).
   It protects you from negative energy.
   It lets you blink.
 l - a +8 battleaxe of venom
 p - a +4 broad axe of flaming
 s - the +8 dagger of Bread {pierce, +Blink}
   (You found it on level 4 of the Dungeon)

   It inflicts extra damage upon your enemies.
   It lets you blink.
 v - the +1 great sword of Salt {drain, rPois rC+}
   (You found it on level 5 of the Dungeon)

   A truly terrible weapon, it drains the life of those it strikes.
   It protects you from cold.
   It protects you from poison.
 U - a +4 battleaxe of flaming
Armour
 e - a +0 plate armour (worn)
 g - a +0 cloak of magic resistance (worn)
 z - a +2 pair of boots (worn)
 I - a +1 pair of gloves of strength (worn)
 T - a +1 hat of see invisible (worn)
Jewellery
 b - an uncursed ring of protection from fire
 y - an amulet of faith (around neck)
 B - a +2 ring of strength (right hand)
 D - a ring of resist corrosion (left hand)
Wands
 c - a wand of digging (3/24)
 h - a wand of slowing (24/48)
 t - a wand of slowing (8/48)
 u - a wand of paralysis (12/24)
 x - a wand of lightning (4/15)
 N - a wand of digging (8/24)
 O - a wand of random effects (17/48)
 P - a wand of lightning (13/15)
 Q - a wand of teleportation (3/9)
 W - a wand of acid (9/15)
 X - a wand of acid (4/15)
Scrolls
 a - 3 scrolls of blinking
 d - 3 scrolls of magic mapping
 i - 6 scrolls of teleportation
 m - 2 scrolls of identify
 n - 7 scrolls of remove curse
 o - a scroll of fog
 J - 4 scrolls of noise
Potions
 q - a potion of resistance
 A - 6 potions of flight
 C - a potion of lignification
 G - 5 potions of curing
 H - 2 potions of brilliance
 K - 2 potions of agility
 L - 2 potions of heal wounds
 S - 2 potions of might
 V - a potion of ambrosia
 Z - a potion of cure mutation
Books
 j - a Fen Folio

   Spells                             Type                      Level
   a - Corpse Rot                     Necromancy                   2
   b - Stone Arrow                    Conjuration/Earth            3
   c - Leda's Liquefaction            Hexes/Earth                  4
   d - Summon Forest                  Summoning/Translocation      5
   e - Hydra Form                     Transmutation                6
   f - Summon Hydra                   Summoning                    7
   Trog disapproves of the use of such an item.
 r - a book of Transfigurations

   Spells                             Type                      Level
   a - Irradiate                      Conjuration/Transmutation    5
   b - Statue Form                    Transmutation/Earth          6
   c - Hydra Form                     Transmutation                6
   d - Dragon Form                    Transmutation                7
   Trog disapproves of the use of such an item.
 E - a book of Debilitation

   Spells                             Type                      Level
   a - Corona                         Hexes                        1
   b - Slow                           Hexes                        2
   c - Gell's Gravitas                Hexes/Translocation          3
   d - Inner Flame                    Hexes/Fire                   3
   e - Cause Fear                     Hexes                        4
   f - Leda's Liquefaction            Hexes/Earth                  4
   Trog disapproves of the use of such an item.
 M - Kotann's Beginning Course on Witchery
   (You found it on level 8 of the Dungeon)

   Spells                             Type                      Level
   a - Shock                          Conjuration/Air              1
   b - Sandblast                      Earth                        1
   c - Corona                         Hexes                        1
   d - Apportation                    Translocation                1
   e - Beastly Appendage              Transmutation                1
   Trog disapproves of the use of such an item.
 Y - a book of Clouds

   Spells                             Type                      Level
   a - Mephitic Cloud                 Conjuration/Poison/Air       3
   b - Conjure Flame                  Conjuration/Fire             3
   c - Poisonous Cloud                Conjuration/Poison/Air       6
   d - Freezing Cloud                 Conjuration/Ice/Air          6
   e - Ring of Flames                 Charms/Fire                  7
   Trog disapproves of the use of such an item.
Comestibles
 k - 3 beef jerkies
 w - 5 meat rations
 F - 5 bread rations
 R - 8 fruits


   Skills:
 + Level 17.3 Fighting
 + Level 19.5 Axes
 - Level 10.9 Armour
 - Level 1.5 Dodging


You had 13 spell levels left.
You didn't know any spells.

Dungeon Overview and Level Annotations

Branches:
Dungeon (10/15)            Temple (1/1) D:4            Lair (8/8) D:10
  Swamp (0/4) Lair:5       Spider (0/4) Lair:6        Slime (1/6) Lair:6
    Orc: D:9-12

Altars:
Ashenzari
Dithmenos
Fedhas
Gozag
Kikubaaqudgha
Pakellas
Qazlal
Vehumet
Xom
Yredelemnul
Zin
Jiyva

Shops:
D:7 ?   D:8 [


Innate Abilities, Weirdness & Mutations

You have a pair of small antennae on your head.
You have an increased reservoir of magic (+10% MP).
You regenerate slowly when monsters are visible.
Your spells are a little easier to cast, but a little less powerful.


Message History

The azure jelly hits you but does no damage.
The golden eye blinks at you. You resist with almost no effort.
The golden eye blinks at you.
You easily resist.
The jelly hits you but does no damage. The acid blob spits acid at you.
The splash of acid hits you! The acid corrodes you!
The acid burns!
You resist.
* * * LOW HITPOINT WARNING * * *
You hit the acid blob but do no damage.
Your hands burn!
* * * LOW HITPOINT WARNING * * *
The acid blob is severely wounded.
You miss the golden eye.
Your plate armour prevents you from hitting the jelly.
The jelly is lightly wounded.
You hit the very large slime creature.
You feel better.
The very large slime creature is lightly wounded.
You closely miss the azure jelly. You completely miss the golden eye.
The golden eye is lightly wounded.
The very large slime creature hits you!!!
You die...

#.#...##........# .#
......#....#........
...................#.
..............##.....
#.........G........
..#....<.............
.....................
............JG.......
#........>.G@J...G...
............JJ.......
.....................
....................#
#.......G............
...................##
#.###......##........
.....# .........


You could see an acid blob, an azure jelly, a very large slime creature, an eye
of draining, a jelly and 4 golden eyes.

Vanquished Creatures
  Gastronok (D:9)
  4 hydras
  6 death yaks (Lair:5)
  A queen ant (Lair:3)
  Sonja (Lair:4)
  3 hill giants (D:10)
  A griffon (Lair:5)
  An ugly thing (D:10)
  An oklob plant (Lair:4)
  4 black mambas
  6 spiny frogs
  3 rime drakes
  4 komodo dragons
  Prince Ribbit (D:6)
  A boulder beetle (Lair:8)
  A two-headed ogre (D:10)
  7 blink frogs
  A slime creature (Slime:1)
  Sigmund (D:6)
  A wyvern (D:10)
  31 yaks
  Eustachio (D:6)
  2 steam dragons
  A wraith (D:9)
  A golden eye (Slime:1)
  7 hippogriffs
  A basilisk (Lair:1)
  4 swamp worms (Lair:5)
  20 soldier ants (Lair:3)
  21 porcupines
  17 water moccasins
  Duvessa (D:6)
  4 sky beasts
  3 phantoms
  An ice beast (D:5)
  3 black bears
  A necrophage (D:8)
  3 orc warriors
  8 wolves
  11 ogres
  2 centaurs (D:7)
  13 crocodiles
  2 wyvern zombies (D:6)
  15 giant frogs
  Dowan (D:6)
  A scorpion (D:6)
  4 jellies
  4 killer bees
  16 wights
  7 howler monkeys
  An electric eel (Lair:5)
  2 crimson imps
  7 hounds
  3 centaur skeletons
  A giant frog zombie (D:9)
  2 orc priests
  8 orc wizards
  Jessica (D:3)
  10 iguanas
  28 worker ants
  A statue (D:8)
  A killer bee zombie (D:7)
  11 sheep
  Robin (D:3)
  10 adders
  3 gnolls (D:5)
  74 river rats
  3 shadow imps
  2 oozes
  2 adder skeletons
  An adder zombie (D:9)
  A worm (D:2)
  3 dart slugs
  2 giant geckos
  40 orcs
  4 bats
  5 giant cockroaches
  14 goblins
  13 hobgoblins
  8 jackals
  7 kobolds
  2 quokkas
  A ball python skeleton (D:4)
  3 giant newts
  A quokka skeleton (D:5)
  4 rats
  A bush (Lair:2)
  A butterfly (Lair:5)
  5 fungi
  10 plants
552 creatures vanquished.

Vanquished Creatures (collateral kills)
  A hydra (Lair:3)
  An orc warrior (D:10)
  An orc wizard (D:10)
  An orc (D:10)
4 creatures vanquished.

Vanquished Creatures (others)
  A hound (D:8)
  4 fungi
  4 plants
9 creatures vanquished.

Grand Total: 565 creatures vanquished

Notes
Turn   | Place    | Note
--------------------------------------------------------------
     0 | D:1      | Veros the Hill Orc Berserker began the quest for the Orb.
     0 | D:1      | Reached XP level 1. HP: 19/19 MP: 1/1
   490 | D:1      | Reached XP level 2. HP: 22/27 MP: 2/2
  1585 | D:2      | Reached XP level 3. HP: 30/34 MP: 3/3
  1841 | D:2      | Found a stormy altar of Qazlal.
  2361 | D:3      | Noticed Robin
  2383 | D:3      | Reached ** piety under Trog
  2386 | D:3      | Killed Robin
  2386 | D:3      | Reached XP level 4. HP: 39/41 MP: 4/4
  2390 | D:3      | Reached skill level 5 in Axes
  2579 | D:3      | Noticed Jessica
  2582 | D:3      | Noticed an ogre
  2587 | D:3      | Killed Jessica
  2594 | D:3      | Killed an ogre
  2594 | D:3      | Reached skill level 5 in Fighting
  2594 | D:3      | Reached XP level 5. HP: 48/48 MP: 5/5
  2837 | D:3      | Noticed a sky beast
  2862 | D:3      | Killed a sky beast
  2862 | D:3      | Reached skill level 6 in Axes
  2862 | D:3      | Reached XP level 6. HP: 38/57 MP: 6/6
  3085 | D:3      | Found a blossoming altar of Fedhas.
  3420 | D:3      | Noticed a sky beast
  3434 | D:3      | Found a basalt altar of Yredelemnul.
  3437 | D:3      | Killed a sky beast
  3446 | D:3      | Gained mutation: You have a pair of small horns on your head. [mutagenic meat]
  3447 | D:3      | Gained mutation: You occasionally shout uncontrollably at your foes. [mutagenic meat]
  3448 | D:3      | Gained mutation: Your spells are a little easier to cast, but a little less powerful. [mutagenic meat]
  3449 | D:3      | Gained mutation: Your magical capacity is low (-10% MP). [mutagenic meat]
  3724 | D:3      | Found an opulent altar of Gozag.
  3724 | D:3      | Found a shadowy altar of Dithmenos.
  3843 | D:4      | Found a staircase to the Ecumenical Temple.
  4003 | D:4      | Reached skill level 5 in Armour
  4003 | D:4      | Reached XP level 7. HP: 63/63 MP: 6/6
  4515 | D:4      | Got a pitted dagger
  4516 | D:4      | Identified the +8 dagger of Bread {pierce, +Blink} (You found it on level 4 of the Dungeon)
  4540 | D:4      | Reached skill level 7 in Axes
  4795 | D:5      | Entered Level 5 of the Dungeon
  4808 | D:5      | Reached *** piety under Trog
  4827 | D:5      | Got an iridescent great sword
  4848 | D:5      | Identified the +1 great sword of Salt {drain, rPois rC+} (You found it on level 5 of the Dungeon)
  4907 | D:5      | Reached XP level 8. HP: 60/73 MP: 7/7
  4940 | D:5      | Reached skill level 8 in Axes
  5238 | D:5      | Found a glowing silver altar of Zin.
  5734 | Temple   | Entered the Ecumenical Temple
  5786 | D:6      | Noticed Prince Ribbit
  6140 | D:5      | Lost mutation: You have a pair of small horns on your head. [potion of cure mutation]
  6140 | D:5      | Lost mutation: Your magical capacity is low (-10% MP). [potion of cure mutation]
  6140 | D:5      | Lost mutation: You occasionally shout uncontrollably at your foes. [potion of cure mutation]
  6230 | D:6      | Noticed Duvessa
  6230 | D:6      | Noticed Dowan
  6252 | D:6      | Killed Duvessa
  6252 | D:6      | Reached skill level 9 in Axes
  6286 | D:6      | Killed Dowan
  6645 | D:6      | Noticed Sigmund
  6663 | D:6      | Killed Sigmund
  6663 | D:6      | Reached XP level 9. HP: 42/82 MP: 9/9
  6892 | D:6      | Killed Prince Ribbit
  6917 | D:6      | Reached **** piety under Trog
  7211 | D:6      | Reached skill level 10 in Axes
  7254 | D:6      | Noticed Eustachio
  7272 | D:6      | Killed Eustachio
  7956 | D:7      | Reached skill level 10 in Fighting
  7956 | D:7      | Reached skill level 11 in Axes
  8130 | D:7      | Reached XP level 10. HP: 90/93 MP: 10/10
  8143 | D:7      | Found Ecle's Magic Scroll Shop.
  8239 | D:7      | Bought a scroll of teleportation for 39 gold pieces
  8239 | D:7      | Bought a scroll of blinking for 97 gold pieces
  8863 | D:8      | Found a radiant altar of Vehumet.
  9015 | D:8      | Found Boifumi's Antique Armour Shoppe.
  9018 | D:8      | Bought a brightly glowing helmet for 247 gold pieces
  9018 | D:8      | Identified the -6 helmet of Indomitability {Slay+3} (You bought it in a shop on level 8 of the Dungeon)
  9248 | D:8      | Identified Kotann's Beginning Course on Witchery
  9564 | D:9      | Reached ***** piety under Trog
  9691 | D:9      | Reached skill level 12 in Axes
  9922 | D:9      | Noticed Gastronok
  9948 | D:9      | Killed Gastronok
  9948 | D:9      | Reached skill level 10 in Armour
  9948 | D:9      | Reached XP level 11. HP: 101/104 MP: 11/11
 10037 | D:8      | Bought a pair of glowing gloves for 117 gold pieces
 10241 | D:9      | Reached skill level 13 in Axes
 10781 | D:9      | Found an ancient bone altar of Kikubaaqudgha.
 10964 | D:10     | Entered Level 10 of the Dungeon
 10989 | D:10     | Noticed a hill giant
 10996 | D:10     | Killed a hill giant
 11081 | D:10     | Noticed a brown ugly thing
 11089 | D:10     | Killed a brown ugly thing
 11158 | D:10     | Gained mutation: You have an increased reservoir of magic (+10% MP). [potion of beneficial mutation]
 11164 | D:10     | Gained mutation: You regenerate slowly when monsters are visible. [mutagenic meat]
 11166 | D:10     | Gained mutation: Your mind is acute. (Int +2) [mutagenic meat]
 11167 | D:10     | Gained mutation: You have a pair of small antennae on your head. [mutagenic meat]
 11702 | D:10     | Reached skill level 14 in Axes
 11715 | D:10     | Noticed a hill giant
 11719 | D:10     | Noticed a hill giant
 11728 | D:10     | Killed a hill giant
 11728 | D:10     | Killed a hill giant
 11786 | D:10     | Identified a scroll of acquirement
 11918 | D:10     | Lost mutation: Your mind is acute. (Int +2) [mutagenic meat]
 11991 | D:10     | Found a staircase to the Lair.
 12742 | Lair:1   | Entered Level 1 of the Lair of Beasts
 12980 | Lair:1   | Received a gift from Trog
 12986 | Lair:1   | Got a pitted battleaxe {god gift}
 12996 | Lair:1   | Identified the +8 battleaxe of Glory {vamp, +Blink rN+ Str+3 Int+3} (Trog gifted it to you on level 1 of the Lair of Beasts)
 13019 | Lair:1   | Reached skill level 15 in Axes
 13065 | Lair:1   | Reached XP level 12. HP: 115/115 MP: 13/13
 13263 | Lair:1   | Noticed a four-headed hydra
 13276 | Lair:1   | Killed a four-headed hydra
 13313 | Lair:1   | Noticed a five-headed hydra
 13348 | Lair:1   | Killed a five-headed hydra
 13348 | Lair:1   | Reached skill level 16 in Axes
 14992 | Lair:3   | Noticed an eight-headed hydra
 14998 | Lair:3   | Killed an eight-headed hydra
 15166 | Lair:3   | Reached skill level 17 in Axes
 15169 | Lair:3   | Received a gift from Trog
 15170 | Lair:3   | Noticed a queen ant
 15185 | Lair:3   | Killed a queen ant
 15244 | Lair:3   | Reached skill level 15 in Fighting
 15283 | Lair:3   | Reached XP level 13. HP: 126/126 MP: 14/14
 15501 | Lair:3   | Received a gift from Trog
 16309 | Lair:4   | Noticed Sonja
 16402 | Lair:4   | Killed Sonja
 16568 | Lair:4   | Reached skill level 18 in Axes
 16569 | Lair:4   | Reached ****** piety under Trog
 17604 | Lair:5   | Received a gift from Trog
 18004 | Lair:5   | Reached skill level 19 in Axes
 18059 | Lair:5   | Found a staircase to the Swamp.
 18818 | Lair:6   | Found a hole to the Spider Nest.
 18956 | Lair:6   | You fall through a shaft for 2 floors!
 18956 | Lair:8   | Entered Level 8 of the Lair of Beasts
 18962 | Lair:8   | Received a gift from Trog
 19006 | Lair:8   | Reached XP level 14. HP: 140/140 MP: 15/15
 19225 | Lair:6   | Found a staircase to the Slime Pits.
 19225 | Lair:6   | Found a viscous altar of Jiyva.
 19250 | Slime:1  | Entered Level 1 of the Pits of Slime
 19261 | Slime:1  | Noticed an acid blob
 19272 | Slime:1  | Noticed an azure jelly
 19279 | Slime:1  | Annihilated by a very large slime creature

Skill      XL: |  1  2  3  4  5  6  7  8  9 10 11 12 13 |
---------------+----------------------------------------+-----
Fighting       | 4 5 6 7 8 10 11 13 15 17 | 17.3
Armour         | 3 4 5 6 7 8 10 | 10.9
Axes           | 5 6 7 9 11 12 15 17 19 | 19.5
Dodging        | |  1.5

Action                   |  1- 3 |  4- 6 |  7- 9 | 10-12 | 13-15 || total
-------------------------+-------+-------+-------+-------+-------++-------
Melee: Hand axe          |   115 |   120 |   320 |   330 |       ||   885
       Headbutt          |       |     6 |    25 |       |       ||    31
       Dagger            |       |       |    45 |    30 |       ||    75
       Great sword       |       |       |    22 |       |       ||    22
       War axe           |       |       |       |   127 |       ||   127
       Battleaxe         |       |       |       |   214 |   293 ||   507
       Broad axe         |       |       |       |       |    42 ||    42
Invok: Berserk           |     4 |     3 |     5 |     7 |     3 ||    22
       Trog's Hand       |       |       |     1 |     2 |     2 ||     5
       Brothers in Arms  |       |       |       |     3 |     1 ||     4
Evoke: Wand              |       |       |       |     2 |       ||     2
  Use: Potion            |     1 |     6 |     2 |     4 |     2 ||    15
       Scroll            |     1 |       |     9 |    11 |     4 ||    25
  Eat: Bread ration      |     2 |     1 |     3 |     3 |     1 ||    10
       Chunk             |     2 |     5 |     2 |    11 |       ||    20
       Royal jelly       |       |     1 |       |     1 |     1 ||     3
       Meat ration       |       |       |     1 |     2 |     1 ||     4
       Fruit             |       |       |       |     7 |    12 ||    19
       Beef jerky        |       |       |       |     6 |     1 ||     7
Armor: Ring mail         |    31 |     4 |       |       |       ||    35
       Animal skin       |     2 |       |       |       |       ||     2
       Scale mail        |       |    41 |       |       |       ||    41
       Plate armour      |       |     6 |   227 |   452 |   185 ||   870
Dodge: Dodged            |    58 |    34 |   127 |   222 |   143 ||   584
Block: Buckler           |     7 |     9 |    26 |    30 |       ||    72
